 Dungeon Crawl Stone Soup version 0.20.1-1-g8b1a95d (webtiles) character file.

333 karf the Shield-Bearer (level 6, 0/49 HPs)
             Began as a Formicid Fighter on Oct 29, 2017.
             Killed from afar by Ijyb (16 damage)
             ... with a wand of acid (?/15)
             ... on level 4 of the Dungeon.
             The game lasted 00:05:22 (2235 turns).

karf the Shield-Bearer (Formicid Fighter)           Turns: 2235, Time: 00:05:22

Health: 0/49       AC:  9    Str: 21    XL:     6   Next: 82%
Magic:  6/6        EV:  8    Int:  8    God:
Gold:   158        SH: 10    Dex: 11    Spells: 5/5 levels left

rFire    . . .     SeeInvis +   a - +0 quarterstaff
rCold    . . .     Gourm    .   c - +0 shield
rNeg     . . .     Faith    .   b - +0 scale mail
rPois    .         Spirit   .   (helmet unavailable)
rElec    .         Reflect  .   s - +0 cloak
rCorr    .         Harm     .   (no gloves)
MR       .....                  t - +0 pair of boots
Stlth    ..........             (no amulet)
Regen    0.2/turn               (no ring)
MPRegen  0.1/turn               (no ring)

@: no status effects
A: permanent stasis, dig shafts and tunnels, four strong arms, antennae 3
a: Dig, Shaft Self


You were on level 4 of the Dungeon.
You were near starving.

You visited 1 branch of the dungeon, and saw 4 of its levels.

You collected 158 gold pieces.

Inventory:

Hand Weapons
 a - a +0 quarterstaff (weapon)
Armour
 b - a +0 scale mail (worn)
 c - a +0 shield (worn)
 s - a +0 cloak (worn)
 t - a +0 pair of boots (worn)
Jewellery
 v - a +5 ring of evasion {unknown}
Scrolls
 e - a scroll of immolation {unknown}
 g - a scroll of enchant armour {unknown}
 i - 2 scrolls of random uselessness {unknown}
 j - a scroll of magic mapping {unknown}
 m - a scroll of fog {unknown}
 n - 2 scrolls of remove curse {unknown}
 o - 2 scrolls of identify {unknown}
 p - a scroll of teleportation {unknown}
 r - a scroll of amnesia {unknown}
Potions
 d - a potion of might
 h - a potion of flight {unknown}
 q - a potion of heal wounds {unknown}
Comestibles
 f - 5 bread rations
 k - 2 royal jellies
 l - 2 meat rations


   Skills:
 + Level 4.6 Fighting
 * Level 4.2 Staves
 + Level 4.6 Armour
 + Level 5.0 Shields


You had 5 spell levels left.
You didn't know any spells.

Dungeon Overview and Level Annotations

Branches:
Dungeon (4/15)
 Temple: D:4-7

Altars:

Annotations:
D:4 Ijyb


Innate Abilities, Weirdness & Mutations

You cannot be hasted, slowed, berserked, paralysed or teleported.
You can dig through walls and to a lower floor.
Your four strong arms can wield two-handed weapons with a shield.
You have a pair of large antennae on your head. (SInv)


Message History

The orc wizard is splashed with acid.
The orc wizard dies!
The bolt of acid misses the orc.
The bolt of acid misses you.
It is a wand of acid (?/15).
The orc hits you but does no damage.
You hit the orc but do no damage.
The orc is lightly wounded.
The orc hits you but does no damage.
You thump the orc!
You kill the orc!
Ijyb zaps a wand.
The bolt of acid hits you!
You are splashed with acid!
The acid burns!
Your shield and scale mail prevent you from hitting Ijyb.
Ijyb hits you but does no damage.
You sock Ijyb!
Ijyb is heavily wounded.
Ijyb hits you.
You sock Ijyb!
Ijyb is almost dead.
Ijyb zaps a wand.
The bolt of acid hits you!
You die...

### ##.##
##...####r###.
#.....@goS....
##<..####.####
##.## #.# #.#
#.. ###


You could see Ijyb, an adder, an orc and a quokka (wandering).

Vanquished Creatures
  The ghost of Frank the Skirmisher, an amateur OpFi (D:3)
  An orc priest (D:3)
  2 orc wizards (D:3)
  An iguana (D:3)
  3 adders
  An ooze (D:3)
  4 worms
  2 leopard geckos (D:3)
  4 orcs
  A ball python (D:3)
  4 goblins
  6 hobgoblins
  2 jackals (D:3)
  3 kobolds
  3 quokkas
  10 bats
  4 frilled lizards
  9 rats
61 creatures vanquished.

Vanquished Creatures (others)
  An orc wizard (D:4)
1 creature vanquished.

Grand Total: 62 creatures vanquished

Notes
Turn   | Place    | Note
-------+----------+-------------------------------------------
     0 | D:1      | karf the Formicid Fighter began the quest for the Orb.
     0 | D:1      | Reached XP level 1. HP: 18/18 MP: 1/1
    99 | D:1      | Reached XP level 2. HP: 24/24 MP: 2/2
   654 | D:2      | Reached XP level 3. HP: 29/29 MP: 3/3
  1084 | D:3      | Reached skill level 4 in Shields
  1109 | D:3      | Noticed Frank's ghost (amateur OpFi)
  1120 | D:3      | Killed Frank's ghost
  1120 | D:3      | Reached XP level 4. HP: 24/37 MP: 4/4
  1120 | D:3      | Reached XP level 5. HP: 27/42 MP: 5/5
  1158 | D:3      | Reached XP level 6. HP: 23/48 MP: 6/6
  1900 | D:3      | Reached skill level 5 in Shields
  2227 | D:4      | Noticed Ijyb
  2235 | D:4      | Killed from afar by Ijyb

Skill      XL: |  1  2  3  4  5  6 |
---------------+-------------------+-----
Shields        | 4 5 |  5.0
Fighting       | 4 |  4.6
Staves         | 3 4 |  4.2
Armour         | 4 |  4.6

Action                   |  1- 3 |  4- 6 || total
-------------------------+-------+-------++-------
Melee: Quarterstaff      |   104 |   122 ||   226
  Use: Potion            |     1 |       ||     1
  Eat: Chunk             |       |     3 ||     3
Armor: Scale mail        |    48 |    79 ||   127
Dodge: Dodged            |    49 |    38 ||    87
Block: Shield            |    71 |    74 ||   145
